 Dungeon Crawl Stone Soup version 0.24-a0-530-g18ba70b503 (webtiles) character file.

Game seed: 14596183603001814681

473 BinkBink the Slasher (level 6, -2/57 HPs)
             Began as a Deep Dwarf Berserker on Aug 7, 2019.
             Was a Believer of Trog.
             Killed from afar by Blork the orc (8 damage)
             ... with a magic dart
             ... on level 4 of the Dungeon.
             The game lasted 00:06:28 (2409 turns).

BinkBink the Slasher (Deep Dwarf Berserker)         Turns: 2409, Time: 00:06:28

Health: -2/57      AC:  4    Str: 23    XL:     6   Next: 84%
Magic:  4/4        EV: 13    Int:  7    God:    Trog [**....]
Gold:   188        SH:  3    Dex: 12    Spells: 5/5 levels left

rFire    + . .     SeeInvis .   a - +0 falchion
rCold    . . .     Gourm    .   k - +0 buckler
rNeg     + . .     Faith    .   d - +0 leather armour {rF+}
rPois    .         Spirit   .   m - +0 helmet
rElec    .         Reflect  .   (no cloak)
rCorr    .         Harm     .   (no gloves)
MR       .....                  (no boots)
Stlth    ++........             (no amulet)
HPRegen  0.00/turn              g - ring of positive energy
MPRegen  0.09/turn              (no ring)

@: non-regenerating
A: damage resistance, heal wounds, sense surroundings 1, no regeneration
a: Heal Wounds, Berserk, Trog's Hand, Renounce Religion


You were on level 4 of the Dungeon.
You worshipped Trog.
Trog was pleased with you.
You were not hungry.

You visited 1 branch of the dungeon, and saw 4 of its levels.
You also visited: Sewer.

You collected 188 gold pieces.

Inventory:

Hand Weapons
 a - a +0 falchion (weapon)
Armour
 b - a +0 animal skin
 d - a +0 leather armour of fire resistance (worn)
 k - a +0 buckler (worn)
 m - a +0 helmet (worn)
Jewellery
 g - a ring of positive energy (left hand)
 q - an uncursed ring of stealth
 t - a +3 amulet of reflection {unknown}
 u - an uncursed ring of ice {unknown}
 w - an uncursed ring of stealth
 y - an uncursed ring of positive energy
Scrolls
 h - 4 scrolls of teleportation {unknown}
 i - 2 scrolls of amnesia {unknown}
 l - 2 scrolls of identify {unknown}
 o - a scroll of blinking {unknown}
 p - 2 scrolls of immolation {unknown}
 r - a scroll of random uselessness {unknown}
 s - a scroll of fear {unknown}
Potions
 e - 4 potions of curing {unknown}
 f - 5 potions of flight {unknown}
 j - a potion of experience {unknown}
 n - a potion of haste {unknown}
 v - a potion of degeneration {unknown}
Comestibles
 c - 7 rations


   Skills:
 + Level 3.9 Fighting
 + Level 5.5 Long Blades
 + Level 3.3 Armour
 + Level 4.0 Dodging
 + Level 1.9 Stealth
 + Level 0.8 Shields


You had 5 spell levels left.
You didn't know any spells.
Your spell library was empty.

Dungeon Overview and Level Annotations

Branches:
Dungeon (4/15)
 Temple: D:4-7

Altars:
Fedhas

Annotations:
D:3 2 transporters
D:4 Blork the orc, Robin


Innate Abilities, Weirdness & Mutations

You are resistant to damage.
You can heal yourself by infusing magical energy.
You passively map a small area around you.
You do not regenerate.


Message History

Something hits you!
* * * LOW HITPOINT WARNING * * *
You feel much better. Something hits you.
You barely miss something. Something hits you!
Robin roars a battlecry!
The hobgoblin goes into a battle-frenzy!
You miss something.
You hear some strange, mumbled words.
A puff of flame appears from out of thin air!
The puff of flame hits you. You resist. Something hits you!
You hit something.
Your skin stops crawling.
You feel less resistant to hostile enchantments.
Something hits you!
* * * LOW HITPOINT WARNING * * *
You hit something.
You hear some strange, mumbled words.
A magic dart appears from out of thin air!
The magic dart hits you!
You die...

* * * * , , * , * * , *,
.... * * * * ....# # * ***
!)..#### #.###### *
#####......###..@{gg#####..w
.....##..#...######?......#
....$......#....g))...#####
.........$....#######..#**
.............>..# * #...#
.........g..##....#* *##..#
* ........###....##..# *
#..# .......## ###..# ..
,... .....l.# #... . ..


You could see Robin and a hobgoblin.

Vanquished Creatures
  A big kobold (Sewer)
  A scorpion (D:2)
  3 orc priests (D:3)
  An iguana (D:4)
  An orc wizard (D:3)
  4 gnolls (D:2)
  3 adders
  2 river rats (Sewer)
  4 oozes
  2 dart slugs
  3 leopard geckos
  11 orcs (D:3)
  A ball python (D:4)
  8 bats
  6 giant cockroaches
  12 hobgoblins
  5 jackals
  9 kobolds
  2 quokkas
  5 frilled lizards
  19 goblins
  11 rats
114 creatures vanquished.

Notes
Turn   | Place    | Note
-------+----------+-------------------------------------------
     0 | D:1      | BinkBink the Deep Dwarf Berserker began the quest for the
                  | Orb.
     0 | D:1      | Reached XP level 1. HP: 20/20 MP: 1/1
   192 | D:1      | Reached XP level 2. HP: 21/27 MP: 2/2
   588 | D:2      | Reached ** piety under Trog
   588 | D:2      | Reached XP level 3. HP: 28/34 MP: 2/2
   720 | D:2      | Reached skill level 4 in Long Blades
   898 | D:2      | Reached XP level 4. HP: 31/42 MP: 3/3
   979 | D:2      | Reached XP level 5. HP: 14/49 MP: 4/4
  1288 | D:3      | HP: 2/49 [orc priest/+0 mace (5)]
  1308 | D:3      | Reached skill level 5 in Long Blades
  1308 | D:3      | Reached XP level 6. HP: 19/56 MP: 5/5
  1432 | D:3      | Found a glowing drain.
  1443 | Sewer    | Entered a sewer
  1458 | Sewer    | Reached skill level 1 in Stealth
  1563 | Sewer    | Found a glowing silver altar of Zin.
  1865 | D:3      | Found a transporter.
  1866 | D:3      | Found a transporter.
  1866 | D:3      | Found a blossoming altar of Fedhas.
  1913 | D:3      | Found a faded altar of an unknown god.
  2342 | D:4      | Noticed Robin
  2385 | D:4      | Noticed Blork the orc
  2397 | D:4      | HP: 2/57 [something (7)]
  2409 | D:4      | Killed from afar by Blork the orc

Levels and vault maps discovered:
D:1:      lightli_arrival_lavapool, layout_rooms
D:2:      minmay_angry_zag, layout_loops_ring, first_ration
D:3:      layout_loops_ring, gammafunk_temple_overflow_arena,
          gup_sewer_entry_pipe, chequers_ecumenical_altar_simple_redux
D:4:      layout_rooms, lemuel_crystal_altar, ashenzari_altar_1,
          nicolae_overflow_crystal_walls, gammafunk_ghost_icy, uniq_natasha,
          uniq_duvessa, uniq_robin, uniq_eustachio, uniq_blork_the_orc

Skill      XL: |  1  2  3  4  5  6 |
---------------+-------------------+-----
Fighting       | 3 |  3.9
Long Blades    | 4 5 |  5.5
Dodging        | 3 4 |  4.0
Armour         | 3 |  3.3
Stealth        | 1 |  1.9
Shields        | |  0.8

Action                   |  1- 3 |  4- 6 || total
-------------------------+-------+-------++-------
Melee: Falchion          |   120 |   251 ||   371
Invok: Trog's Hand       |     1 |    11 ||    12
       Berserk           |       |     1 ||     1
 Abil: Heal Wounds       |     1 |     3 ||     4
 Stab: Sleeping          |       |     4 ||     4
       Distracted        |       |     1 ||     1
  Eat: Chunk             |       |     9 ||     9
       Ration            |       |     1 ||     1
Armor: Animal skin       |    22 |       ||    22
       Leather armour    |     3 |    78 ||    81
Dodge: Dodged            |    69 |   215 ||   284
Block: Buckler           |     2 |    52 ||    54
       Rpst.: Falchion   |    29 |    68 ||    97

Table legend:
 A = Non-vault XP
 B = Vault XP
 C = Vault XP percentage of total XP
 D = Non-vault monster count
 E = Vault monster count
 F = Vault count percentage of total count
                 A         B        C        D         E       F
            +---------+---------+-------+---------+---------+-------
      Total |     478 |     199 |  29.4 |      82 |      32 |  28.1
            +---------+---------+-------+---------+---------+-------
        D:1 |      24 |       0 |   0.0 |      17 |       0 |   0.0
        D:2 |     174 |      33 |  15.9 |      30 |       6 |  16.7
        D:3 |     242 |      11 |   4.3 |      33 |       5 |  13.2
        D:4 |      38 |      18 |  32.1 |       2 |       9 |  81.8
      Sewer |       0 |     137 | 100.0 |       0 |      12 | 100.0
            +---------+---------+-------+---------+---------+-------
